 Dungeon Crawl Stone Soup version 0.17-a0-1093-g0b3cd89 (webtiles) character file.

588 HeyJoe the Conjurer (level 7, 0/36 HPs)
             Began as a Tengu Wizard on May 20, 2015.
             Slain by a hound (5 damage)
             ... on level 5 of the Dungeon.
             The game lasted 00:28:38 (4536 turns).

HeyJoe the Conjurer (Tengu Wizard)                  Turns: 4536, Time: 00:28:38

Health: 0/36       AC: -1    Str:  7    XL:     7   Next: 38%
Magic:  2/24       EV: 12    Int: 21    God:
Gold:   121        SH:  0    Dex: 12    Spells: 5 memorised, 5 levels left

rFire  . . .     SeeInvis .     o - +0 rapier (curse)
rCold  . . .     Clarity  .     a - +0 robe
rNeg   . . .     SustAb   .     (no shield)
rPois  .         Gourm    .     b - +1 hat
rElec  .         Spirit   .     (no cloak)
rCorr  .         Warding  .     r - +0 pair of gloves (curse)
rMut   .         Rnd*Tele +     (boots unavailable)
MR     .....                    (no amulet)
Stlth  ++........               m - ring of magical power
                                u - ring of teleportation (curse)

@: corroded equipment, not resistant to hostile enchantments, unstealthy
A: beak, talons 3, able to fly 1
a: Fly, Evoke Teleportation


You were on level 5 of the Dungeon.
You were not hungry.

You visited 1 branch of the dungeon, and saw 5 of its levels.

You collected 121 gold pieces.

Inventory:

Hand weapons
 g - a +1 dagger of holy wrath
 l - a +4 dagger
 o - a cursed +0 rapier (weapon)
Armour
 a - a +0 robe (worn)
 b - a +1 hat (worn)
 r - a cursed +0 pair of gloves (worn)
Jewellery
 m - a ring of magical power (right hand)
 n - an uncursed ring of stealth
 u - a cursed ring of teleportation (left hand)
Magical devices
 q - a wand of random effects (0)
Scrolls
 e - a scroll of teleportation
 f - a scroll of enchant weapon
 j - a scroll of identify
Potions
 i - a potion of ambrosia {unknown}
 k - a potion of curing
 p - 2 potions of poison {unknown}
 s - a potion of degeneration {unknown}
Books
 c - a book of Minor Magic

   Spells                             Type                      Level
   a - Magic Dart                     Conjuration                  1
   b - Blink                          Translocation                2
   c - Call Imp                       Summoning                    2
   d - Repel Missiles                 Charms/Air                   2
   e - Slow                           Hexes                        2
   f - Conjure Flame                  Conjuration/Fire             3
   g - Mephitic Cloud                 Conjuration/Poison/Air       3
 t - a book of Summonings

   Spells                             Type                      Level
   a - Recall                         Summoning/Translocation      3
   b - Aura of Abjuration             Summoning                    5
   c - Shadow Creatures               Summoning                    5
   d - Summon Demon                   Summoning                    5
   e - Summon Forest                  Summoning/Translocation      5
   f - Summon Mana Viper              Hexes/Summoning              5
Comestibles
 d - 3 bread rations
 v - a meat ration


   Skills:
 - Level 2.1 Dodging
 - Level 2.0 Stealth
 - Level 5.2 Spellcasting
 + Level 6.8 Conjurations
   Level 1.2 Summonings
 - Level 0.7 Translocations
 - Level 2.9 Fire Magic


You had 5 spell levels left.
You knew the following spells:

 Your Spells              Type           Power        Failure   Level  Hunger
a - Magic Dart            Conj           ####         1%          1    None
b - Blink                 Tloc           N/A          12%         2    None
c - Conjure Flame         Conj/Fire      ####....     4%          3    ##.....
d - Mephitic Cloud        Conj/Pois/Air  ###.....     14%         3    ##.....
e - Repel Missiles        Chrm/Air       #.....       17%         2    None


Dungeon Overview and Level Annotations

Branches:
Dungeon (5/15)
 Temple: D:4-7

Altars:
Yredelemnul


Innate Abilities, Weirdness & Mutations

You have a beak for a mouth.
You have claws for feet.
You can fly.


Message History

Casting: Magic Dart
Confirm with . or Enter, or press ? or * to list all spells.
You blink.
The hound barely misses you. The jelly completely misses you.
The hound closely misses you.
Casting: Blink
Confirm with . or Enter, or press ? or * to list all spells.
You blink.
The hound bites you but does no damage. The jelly misses you.
The hound completely misses you. The jelly hits you.
You are splashed with acid!
The acid corrodes your equipment!
The acid burns!
* * * LOW HITPOINT WARNING * * *
The hound barely misses you.
You climb downwards.
Found 14 stones.
There is a stone staircase leading up here.
Casting: Blink
Confirm with . or Enter, or press ? or * to list all spells.
You don't have enough magic to cast that spell.
The hound closely misses you. The hound bites you.
You die...

### . .. .# #.#
##.# ##..# #...
####..# ..# ##.
#...@####.##...#
#.###h.......#
#J.....(.#
#...<....#
#...........
#........##.
#...........
#.........#.
..######..#


You could see a hound and a jelly.

Vanquished Creatures
  Grinder (D:4)
  An ogre (D:3)
  A scorpion (D:4)
  2 orc wizards (D:4)
  5 gnolls
  5 adders
  An ooze (D:3)
  3 worms
  2 giant geckos (D:2)
  3 orcs (D:4)
  8 bats
  5 giant cockroaches
  11 hobgoblins
  6 jackals
  6 kobolds
  4 quokkas
  4 ball pythons
  A giant gecko skeleton (D:4)
  3 giant newts
  2 gnoll zombies (D:2)
  10 goblins
  6 rats
90 creatures vanquished.

Notes
Turn   | Place    | Note
--------------------------------------------------------------
     0 | D:1      | HeyJoe the Tengu Wizard began the quest for the Orb.
     0 | D:1      | Reached XP level 1. HP: 10/10 MP: 5/5
   247 | D:1      | Reached XP level 2. HP: 13/15 MP: 1/7
   772 | D:1      | Learned a level 2 spell: Blink
   949 | D:1      | Reached XP level 3. HP: 16/19 MP: 1/9
  1162 | D:1      | Learned a level 3 spell: Conjure Flame
  1674 | D:2      | Reached skill level 4 in Spellcasting
  1885 | D:2      | Reached XP level 4. HP: 24/24 MP: 6/11
  2154 | D:2      | Learned a level 3 spell: Mephitic Cloud
  2312 | D:2      | Reached skill level 1 in Fire Magic
  2577 | D:2      | Found a basalt altar of Yredelemnul.
  2921 | D:3      | Gained mutation: You can fly. [Tengu growth]
  2921 | D:3      | Reached XP level 5. HP: 28/28 MP: 4/12
  3354 | D:3      | Noticed an ogre
  3375 | D:3      | Killed an ogre
  3375 | D:3      | Reached skill level 5 in Spellcasting
  3375 | D:3      | Reached XP level 6. HP: 32/32 MP: 6/14
  3481 | D:3      | Learned a level 2 spell: Repel Missiles
  4415 | D:4      | Noticed Grinder
  4420 | D:4      | Paralysed by Grinder for 6 turns
  4422 | D:4      | Killed Grinder
  4422 | D:4      | Reached skill level 6 in Conjurations
  4422 | D:4      | Reached XP level 7. HP: 36/36 MP: 6/15
  4532 | D:5      | Entered Level 5 of the Dungeon
  4536 | D:5      | Slain by a hound

Vault maps used:
D:1:      lightli_arrival_isolated_outpost, minmay_misc_feat_x
D:2:      lemuel_zombie_altar_yredelemnul
D:4:      kennysheep_mini_moat, makhleb_altar_promises_db,
          kennysheep_little_box, minmay_temple_entry_hall, uniq_grinder
D:5:      kennysheep_mini, first_bread, serial_glass, glass_columns_a,
          glass_columns_c, nicolae_qazlal_general_emergency

Action                   |  1- 3 |  4- 6 |  7- 9 || total
-------------------------+-------+-------+-------++-------
Melee: Mace              |     5 |       |       ||     5
       Dagger            |    38 |       |       ||    38
       Rapier            |       |       |     7 ||     7
 Cast: Magic Dart        |    66 |   162 |    13 ||   241
       Blink             |     4 |       |     2 ||     6
       Conjure Flame     |     1 |    10 |     2 ||    13
       Repel Missiles    |       |     1 |       ||     1
Evoke: Wand              |       |     3 |     7 ||    10
  Use: Potion            |     1 |       |       ||     1
       Scroll            |       |    11 |       ||    11
 Stab: Sleeping          |     1 |       |       ||     1
  Eat: Chunk             |     3 |     7 |       ||    10
       Pizza             |       |     1 |       ||     1
